 Seeded DCSS version 0.31-a0-865-g3d5d91748a (webtiles) character file.

Game seed: 666 (custom seed)

13849 BadtimePacifist the Covered (level 12, -4/44 (86) HPs) *EXPLORE*
             Began as a Human Gladiator on Aug 18, 2023.
             Was an Elder of Dithmenos.
             Slain by a salamander
             ... wielding a +4 halberd
              (11 damage)
             ... on level 3 of the Abyss on Oct 10, 2023.
             The game lasted 00:54:08 (17343 turns).

BadtimePacifist the Covered (Human Gladiator)      Turns: 17343, Time: 00:54:08

HP:   -4/44 (86)    AC:  0    Str: 17    XL:     12   Next: 37%
MP:   18/18         EV: 11    Int: 10    God:    Dithmenos [****..]
Gold: 683           SH:  0    Dex: 16    Spells: 19/19 levels left

rFire   . . .        F - +4 quarterstaff (chaos)
rCold   . . .        (shield currently unavailable)
rNeg    . . .        K - +0 ring mail
rPois   .            c - +0 helmet
rElec   .            (no cloak)
rCorr   .            (no gloves)
SInv    .            (no boots)
Will    .....        (no amulet)
Stlth   ++++         (no ring)
HPRegen 0.27/turn    (no ring)
MPRegen 0.16/turn

%: no passive effects
@: lethally poisoned (-4 -> -22), corroded, slowed, wreathed by umbra,
constricted, very heavily drained, very slow
A: no striking features
a: Renounce Religion, Shadow Step


You were on level 3 of the Abyss.
You worshipped Dithmenos.
Dithmenos was greatly pleased with you.
You visited 3 branches of the dungeon, and saw 12 of its levels.
You visited the Abyss 2 times.

You collected 683 gold pieces.

Inventory:

Hand Weapons
 a - a +0 rapier
 n - a +0 giant spiked club
 r - a +0 rapier of speed
 F - a +4 quarterstaff of chaos (weapon)
Missiles
 d - 5 throwing nets (quivered)
 e - a javelin
Armour
 b - a +0 leather armour
 c - a +0 helmet (worn)
 s - the +1 robe "Xeug" {rF- rN+ Int+4}
   (You found it on level 4 of the Dungeon)

   Int+4:     It affects your intelligence (+4).
   rF-:       It makes you vulnerable to fire.
   rN+:       It protects you from negative energy.
 B - the +2 robe of the Bulwark {rF+ Will- Int+5 SInv}
   (You found it on level 6 of the Dungeon)

   Int+5:     It affects your intelligence (+5).
   rF+:       It protects you from fire.
   Will-:     It decreases your willpower.
   SInv:      It lets you see invisible.
 K - a +0 ring mail (worn)
Talismans
 G - a granite talisman
 N - a blade talisman
Wands
 p - a wand of mindburst (9)
 q - a wand of flame (54)
Scrolls
 f - 2 scrolls of poison {unknown}
 g - 2 scrolls of fear
 i - 3 scrolls of revelation {unknown}
 k - 6 scrolls of teleportation
 l - a scroll of blinking
 o - 3 scrolls of enchant armour
 u - 2 scrolls of amnesia {unknown}
 x - a scroll of silence {unknown}
 y - 3 scrolls of enchant weapon {unknown}
 A - 2 scrolls of fog {unknown}
 C - 2 scrolls of immolation
 J - a scroll of torment {unknown}
 M - a scroll of summoning {unknown}
Potions
 h - 6 potions of curing {unknown}
 j - 2 potions of magic {unknown}
 m - 5 potions of heal wounds {unknown}
 t - a potion of degeneration {unknown}
 v - 2 potions of mutation {unknown}
 w - 3 potions of lignification {unknown}
 z - a potion of haste {unknown}
 D - 2 potions of berserk rage {unknown}
 E - 2 potions of invisibility {unknown}
 H - 2 potions of might {unknown}
 I - 2 potions of attraction {unknown}
 L - a potion of enlightenment {unknown}


   Skills:
 + Level 5.5 Fighting
 + Level 6.7(7.5) Short Blades
 * Level 5.0(6.6) Long Blades
 * Level 0.7(1.6) Axes
 * Level 1.5(2.9) Maces & Flails
 * Level 1.5(2.9) Polearms
 * Level 3.7(4.1) Staves
 * Level 5.6 Throwing
 * Level 7.5 Armour
 + Level 6.2 Dodging
 * Level 5.3 Stealth
 * Level 4.8 Unarmed Combat
 * Level 4.3 Spellcasting
 * Level 5.6 Invocations
 * Level 4.4 Evocations
 * Level 3.2 Shapeshifting


You had 19 spell levels left.
You didn't know any spells.
Your spell library contained the following spells:

 Spells                   Type           Power      Damage    Failure   Level
 Magic Dart               Conj           8%         1d3       38%         1
 Shock                    Conj/Air       8%         1d3       38%         1
 Call Imp                 Summ           4%         N/A       52%         2
 Mephitic Cloud           Conj/Pois/Air  2%         N/A       77%         3
 Swiftness                Air            2%         N/A       77%         3
 Airstrike                Air            1%         2d(1-17)  99%         4


Dungeon Overview and Level Annotations

Branches:
Dungeon (9/15)             Temple (1/1) D:4            Lair (2/5) D:9
  Snake (0/4) Lair:2
  Swamp: Lair:2-3    Shoals: Lair:2-3       Orc: D:9-12

Altars:
Ashenzari
Cheibriados
Dithmenos
Elyvilon
Fedhas
Gozag
Hepliaklqana
Kikubaaqudgha
Makhleb
Nemelex Xobeh
Okawaru
Qazlal
Ru
Sif Muna
Trog
Uskayaw
Vehumet
Wu Jian
Xom
Yredelemnul
Zin
The Shining One

Shops:
D:9 (

Annotations:
Lair:2 PailKail's ghost, journeyman MiBe


Message History

You closely miss the naga mage.
Thought so.
Something touches you!
You feel drained.
Deactivating autopickup; reactivate with Ctrl-A.
The guardian serpent hits you! The naga mage spits poison at you.
The splash of poison hits you!
You are more poisoned.
The naga mage constricts you.
The salamander hits you from afar with a +0 spear!
* * * LOW HITPOINT WARNING * * *
You are engulfed in flames!
Thought so.
Something touches you.
You feel drained.
The guardian serpent casts a spell at you.
You resist with some effort. The salamander closely misses you.
The naga mage hits you with a +0 whip! The naga mage constricts you.
The salamander hits you from afar with a +0 spear.
You are engulfed in flames!
Something touches you!
* * * LOW HITPOINT WARNING * * *
You feel drained.
Thought so.
Unknown command.
Unknown command.
Unknown command.
Unknown command.
Unknown command.
Unknown command.
Unknown command.
Unknown command.
Unknown command.
Unknown command.
Unknown command.
You hit the naga mage.
The naga mage is poisoned.
The naga mage is lightly wounded.
You feel extremely sick. The guardian serpent hits you.
The naga mage misses you. The naga mage constricts you. Something touches you.
You feel drained.
The salamander hits you with a +4 halberd!
* * * LOW HITPOINT WARNING * * *
You are engulfed in flames!
You die...

... # ..
. . # .#
. . #.#
.... .#.
.. .....
.#.. . #
# . ..
...
...#.# #
#.#.#..#
.
~##...#.#
.. . ..
..N..# .#
#....#SN#
.# .
..#@#
......N{#
......#X#
........#
..... #.#
..... ..#
.... ..#
.... #..


You could see 2 salamanders, a large abomination, a guardian serpent and a naga
mage (fast, very poisoned).

Vanquished Creatures
  4 two-headed ogres (D:9)
  The ghost of lunkers the Martial Artist, a novice MeSh of Makhleb (D:9)
  A skyshark (Lair:2)
  A salamander (Lair:2)
  2 black mambas (Lair:2)
  Joseph (D:7)
  A cane toad (Lair:2)
  4 komodo dragons
  A rime drake (Lair:2)
  A troll (D:9)
  A hornet (D:8)
  8 blink frogs (Lair:1)
  Sigmund (D:4)
  2 wyverns
  5 yaks (D:9)
  A basilisk (Lair:2)
  A steam dragon (D:9)
  Eustachio (D:4)
  3 nagas (Lair:2)
  4 water moccasins
  A sky beast (D:7)
  2 orc warriors (D:8)
  An ice beast (D:6)
  4 black bears
  2 ogres
  6 wolves
  3 centaurs
  A phantom (D:7)
  3 bullfrogs
  3 scorpions
  3 wights (D:9)
  A howler monkey (D:5)
  3 jellies
  5 hounds
  A sleepcap (D:7)
  Crazy Yiuf (D:6)
  A gnoll bouda (D:9)
  4 orc priests
  Ijyb (D:4)
  7 orc wizards
  Natasha (thrice) (D:4)
  2 iguanas (D:5)
  14 gnolls
  7 adders
  2 ufetubi
  A dart slug (D:2)
  34 orcs
  8 ball pythons
  6 bats
  6 endoplasms
  4 giant cockroaches
  4 goblins
  9 hobgoblins
  6 jackals
  3 quokkas
  7 frilled lizards
  5 kobolds
  6 rats
224 creatures vanquished.

Notes
Turn   | Place    | Note
-------+----------+-------------------------------------------
     0 | D:1      | BadtimePacifist the Human Gladiator began the quest for the
                  | Orb.
     0 | D:1      | Reached XP level 1. HP: 16/16 MP: 1/1
     1 | D:1      | Entered explore mode.
    67 | D:1      | Upgraded the game from 0.31-a0-574-g69dc8cc98e to
                  | 0.31-a0-865-g3d5d91748a
   114 | D:1      | Reached XP level 2. HP: 16/22 MP: 2/2
   789 | D:1      | Reached XP level 3. HP: 16/27 MP: 3/3
  1342 | D:2      | Found a faded altar of an unknown god.
  1360 | D:2      | Prayed at the altar of an unknown god.
  1360 | D:2      | Became a worshipper of Dithmenos the Shadowed
  1360 | D:2      | Reached * piety under Dithmenos
  1672 | D:2      | Reached skill level 1 in Armour
  1672 | D:2      | Reached XP level 4. HP: 30/33 MP: 4/4
  1742 | D:2      | Found a shimmering altar of Xom.
  2367 | D:3      | Killed by nerve-wracking pain
                  | ... invoked by an orc priest
                  | (11 damage)
  2379 | D:3      | HP: 1/34 [orc wizard/+0 dagger (2)]
  2379 | D:3      | Slain by an orc priest
                  | ... wielding a +0 whip
                  | (5 damage)
  2383 | D:3      | Reached ** piety under Dithmenos
  2384 | D:3      | Reached XP level 5. HP: 23/39 MP: 5/5
  2398 | D:3      | HP: 1/39 [orc/+0 short sword (1)]
  2398 | D:3      | Slain by an orc
                  | ... wielding a +0 hand axe
                  | (5 damage)
  2407 | D:3      | Killed from afar by an orc wizard (8 damage)
                  | ... with a magic dart
  2415 | D:3      | HP: 1/39 [something/magic dart (10)]
  2416 | D:3      | Slain by an orc
                  | ... wielding a +0 short sword
                  | (1 damage)
  2431 | D:3      | Slain by an orc
                  | ... wielding a +0 hand axe
                  | (4 damage)
  2899 | D:3      | Reached skill level 2 in Armour
  2941 | D:3      | Found a sparkling altar of Nemelex Xobeh.
  3005 | D:3      | Noticed an ogre
  3016 | D:3      | Slain by an ogre
                  | ... wielding a +0 giant spiked club
                  | (15 damage)
  3020 | D:3      | Killed an ogre
  3021 | D:3      | Reached XP level 6. HP: 46/46 MP: 6/6
  3133 | D:3      | Reached skill level 1 in Stealth
  3637 | D:4      | Noticed Eustachio
  3695 | D:4      | Slain by a river rat (6 damage)
                  | ... summoned by Eustachio
  3719 | D:4      | HP: 2/46 [hound (5)]
  3732 | D:4      | Slain by a white imp (5 damage)
                  | ... summoned by Eustachio
  3751 | D:4      | HP: 1/46 [Eustachio/+0 rapier of speed (7)]
  3752 | D:4      | Killed from afar by Eustachio (5 damage)
                  | ... with a puff of flame
  3766 | D:4      | Killed from afar by a white imp (11 damage)
                  | ... with a puff of frost
                  | ... summoned by Eustachio
  3767 | D:4      | Reached skill level 1 in Invocations
  3785 | D:4      | HP: 1/46 [quokka[Eustachio] (3)]
  3803 | D:4      | Slain by a river rat (5 damage)
                  | ... summoned by Eustachio
  3899 | D:4      | HP: 1/46 [Eustachio/puff of flame (7)]
  3903 | D:4      | Killed from afar by Eustachio (13 damage)
                  | ... with a puff of flame
  3916 | D:4      | HP: 1/46 [white imp[Eustachio] (2)]
  3916 | D:4      | Slain by a white imp (2 damage)
                  | ... summoned by Eustachio
  3972 | D:4      | HP: 2/46 [ufetubus[Eustachio] (1)]
  3975 | D:4      | Slain by an iron imp (4 damage)
                  | ... summoned by Eustachio
  3993 | D:4      | Identified the +1 robe "Xeug" {rF- rN+ Int+4}
  3998 | D:4      | Slain by Eustachio
                  | ... wielding a +0 rapier of speed
                  | (5 damage)
  4021 | D:4      | HP: 1/46 [Eustachio/puff of flame (5)]
  4023 | D:4      | Mangled by Eustachio
                  | ... wielding a +0 rapier of speed
                  | (8 damage)
  4031 | D:4      | Killed Eustachio
  4032 | D:4      | Reached skill level 1 in Long Blades
  4032 | D:4      | Reached skill level 1 in Unarmed Combat
  4032 | D:4      | Reached skill level 1 in Spellcasting
  4032 | D:4      | Reached XP level 7. HP: 27/52 MP: 8/8
  4210 | D:4      | Noticed Sigmund
  4236 | D:4      | Killed Sigmund
  4275 | D:4      | Splashed by a jelly's acid (7 damage)
  4299 | D:4      | Noticed Natasha
  4305 | D:4      | Killed Natasha
  4346 | D:4      | Noticed Ijyb
  4362 | D:4      | HP: 2/52 [Ijyb/+0 dagger (2)]
  4366 | D:4      | Blown up by Ijyb (3 damage)
                  | ... with a mindburst bolt
  4382 | D:4      | HP: 1/52 [disintegration (3)]
  4383 | D:4      | Slain by Ijyb
                  | ... wielding a +0 dagger
                  | (2 damage)
  4407 | D:4      | Killed Ijyb
  4408 | D:4      | Reached XP level 8. HP: 5/58 MP: 10/10
  4409 | D:4      | HP: 2/58 [orc/+0 short sword (4)]
  4745 | D:4      | Noticed Natasha
  4768 | D:4      | Killed Natasha
  5258 | D:4      | Found a hazy altar of Hepliaklqana.
  5258 | D:4      | Noticed Natasha
  5299 | D:4      | Killed Natasha
  5424 | D:4      | Found a staircase to the Ecumenical Temple.
  5678 | Temple   | Entered the Ecumenical Temple
  6114 | D:5      | Entered Level 5 of the Dungeon
  6308 | D:5      | Reached skill level 1 in Evocations
  6507 | D:5      | Reached skill level 3 in Armour
  6704 | D:5      | Reached *** piety under Dithmenos
  6708 | D:5      | HP: 1/60 [poisoned by a scorpion]
  6708 | D:5      | Mangled by a scorpion (7 damage)
  6727 | D:5      | Reached skill level 5 in Short Blades
  7544 | D:6      | Splashed by a jelly's acid (10 damage)
  7563 | D:6      | HP: 2/60 [acid (3)]
  7563 | D:6      | Slain by a jelly (2 damage)
  7573 | D:6      | Splashed by a jelly's acid (7 damage)
  7648 | D:6      | Identified the +2 robe of the Bulwark {rF+ Will- Int+5
                  | SInv}
  7729 | D:6      | Reached XP level 9. HP: 41/65 MP: 12/12
  7872 | D:6      | Slain by a gnoll
                  | ... wielding a +0 flail
                  | (6 damage)
  7876 | D:6      | Killed from afar by an orc wizard (9 damage)
                  | ... with a puff of flame
  7892 | D:6      | HP: 2/65 [orc priest/+0 mace (4)]
  7893 | D:6      | Killed from afar by an orc wizard (6 damage)
                  | ... with a puff of flame
  7904 | D:6      | HP: 3/65 [orc wizard/puff of flame (6)]
  7904 | D:6      | Slain by an orc
                  | ... wielding a +0 club
                  | (3 damage)
  7911 | D:6      | HP: 3/65 [orc/+0 flail (9)]
  7915 | D:6      | Slain by an orc
                  | ... wielding a +0 flail
                  | (7 damage)
  8158 | D:6      | Found a glowing drain.
  8225 | D:6      | Reached skill level 5 in Dodging
  8440 | D:6      | Found a runed translucent door.
  8441 | D:6      | Noticed Crazy Yiuf
  8568 | D:6      | Found an ornate altar of the Wu Jian Council.
  8671 | D:6      | Killed Crazy Yiuf
  9028 | D:7      | Slain by a phantom (3 damage)
  9275 | D:7      | Found a bloodstained altar of Trog.
  9514 | D:7      | Slain by a sleepcap (7 damage)
  9539 | D:7      | Noticed Joseph
  9548 | D:7      | Mangled by Joseph
                  | ... wielding a +0 quarterstaff
                  | (10 damage)
  9548 | D:7      | Slain by Joseph
                  | ... wielding a +0 quarterstaff
                  | (13 damage)
  9551 | D:7      | Slain by Joseph
                  | ... wielding a +0 quarterstaff
                  | (4 damage)
  9553 | D:7      | Mangled by Joseph
                  | ... wielding a +0 quarterstaff
                  | (10 damage)
  9554 | D:7      | Mangled by Joseph
                  | ... wielding a +0 quarterstaff
                  | (15 damage)
  9557 | D:7      | Slain by Joseph
                  | ... wielding a +0 quarterstaff
                  | (9 damage)
  9559 | D:7      | Slain by Joseph
                  | ... wielding a +0 quarterstaff
                  | (6 damage)
  9560 | D:7      | Slain by Joseph
                  | ... wielding a +0 quarterstaff
                  | (12 damage)
  9563 | D:7      | Slain by Joseph
                  | ... wielding a +0 quarterstaff
                  | (6 damage)
  9564 | D:7      | Slain by Joseph
                  | ... wielding a +0 quarterstaff
                  | (8 damage)
  9565 | D:7      | Slain by Joseph
                  | ... wielding a +0 quarterstaff
                  | (5 damage)
  9567 | D:7      | Slain by Joseph
                  | ... wielding a +0 quarterstaff
                  | (8 damage)
  9569 | D:7      | Slain by Joseph
                  | ... wielding a +0 quarterstaff
                  | (13 damage)
  9570 | D:7      | Mangled by Joseph
                  | ... wielding a +0 quarterstaff
                  | (16 damage)
  9572 | D:7      | Slain by Joseph
                  | ... wielding a +0 quarterstaff
                  | (12 damage)
  9575 | D:7      | Slain by Joseph
                  | ... wielding a +0 quarterstaff
                  | (5 damage)
  9577 | D:7      | Killed Joseph
  9614 | D:7      | HP: 2/65 [black bear (5)]
 10032 | D:8      | Reached skill level 4 in Armour
 10274 | D:8      | HP: 2/65 [centaur/arrow (9)]
 10275 | D:8      | Shot with an arrow by a centaur (2 damage)
 10292 | D:8      | Noticed a hornet
 10298 | D:8      | Paralysed by a hornet for 3 turns
 10301 | D:8      | Slain by a hornet (8 damage)
 10306 | D:8      | HP: 1/65 [hornet (8)]
 10307 | D:8      | Succumbed to a hornet's poison
 10315 | D:8      | Paralysed by a hornet for 3 turns
 10315 | D:8      | HP: 1/65 [hornet (3)]
 10316 | D:8      | Succumbed to a hornet's poison
                  | ... while paralysed by a hornet
 10321 | D:8      | Succumbed to a hornet's poison
 10323 | D:8      | Paralysed by a hornet for 3 turns
 10326 | D:8      | HP: 3/65 [poisoned by a hornet]
 10328 | D:8      | Mangled by a hornet (13 damage)
 10330 | D:8      | Paralysed by a hornet for 2 turns
 10335 | D:8      | Paralysed by a hornet for 3 turns
 10337 | D:8      | Slain by a hornet (12 damage)
                  | ... while paralysed by a hornet
 10342 | D:8      | Slain by a hornet (9 damage)
 10344 | D:8      | Paralysed by a hornet for 1 turns
 10348 | D:8      | Slain by a hornet (7 damage)
 10353 | D:8      | Paralysed by a hornet for 1 turns
 10357 | D:8      | Killed a hornet
 10481 | D:8      | Reached XP level 10. HP: 23/72 MP: 14/14
 10486 | D:8      | Slain by a wyvern (10 damage)
 10502 | D:8      | Reached skill level 1 in Shapeshifting
 10763 | D:8      | HP: 2/72 [orc warrior/+0 glaive (10)]
 10764 | D:8      | Mangled by an orc warrior
                  | ... wielding a +0 glaive
                  | (11 damage)
 10786 | D:8      | HP: 3/72 [orc warrior/+0 glaive (17)]
 10788 | D:8      | Mangled by an orc warrior
                  | ... wielding a +0 glaive
                  | (15 damage)
 10826 | D:8      | HP: 3/73 [orc wizard/+0 dagger (1)]
 10826 | D:8      | Slain by an orc warrior
                  | ... wielding a +0 short sword
                  | (4 damage)
 10852 | D:8      | Slain by an orc warrior
                  | ... wielding a +0 short sword
                  | (8 damage)
 10857 | D:8      | Reached skill level 1 in Staves
 11278 | D:9      | Slain by an orc
                  | ... wielding a +1 trident of protection
                  | (5 damage)
 11292 | D:9      | HP: 2/73 [orc/+0 club (3)]
 11292 | D:9      | Slain by an orc
                  | ... wielding a +1 trident of protection
                  | (6 damage)
 11311 | D:9      | HP: 2/73 [gnoll bouda/+0 club (5)]
 11313 | D:9      | Mangled by a gnoll
                  | ... wielding a +0 flail
                  | ... led by a gnoll bouda
                  | (9 damage)
 11328 | D:9      | Slain by a gnoll
                  | ... wielding a +0 flail
                  | ... led by a gnoll bouda
                  | (9 damage)
 11337 | D:9      | Reached skill level 5 in Armour
 11351 | D:9      | Slain by a steam dragon (8 damage)
 11361 | D:9      | Killed from afar by a steam dragon (27 damage)
                  | ... with a ball of steam
 11371 | D:9      | HP: 3/73 [steam dragon (5)]
 11373 | D:9      | Slain by a steam dragon (6 damage)
 11382 | D:9      | Mangled by a troll (16 damage)
 11387 | D:9      | Mangled by a troll (12 damage)
 11392 | D:9      | HP: 1/73 [troll (16)]
 11393 | D:9      | Engulfed by a steam dragon's steam (10 damage)
 11398 | D:9      | Slain by a troll (10 damage)
 11409 | D:9      | Slain by a troll (9 damage)
 11424 | D:9      | HP: 3/73 [troll (9)]
 11424 | D:9      | HP: 1/73 [troll (2)]
 11426 | D:9      | Mangled by a troll (15 damage)
 11762 | D:9      | Found a staircase to the Lair.
 11820 | D:9      | Slain by a yak (14 damage)
 11827 | D:9      | Slain by a yak (13 damage)
 11833 | D:9      | HP: 3/73 [yak (12)]
 11833 | D:9      | Mangled by a yak (9 damage)
 11838 | D:9      | Slain by a yak (14 damage)
 11842 | D:9      | HP: 2/73 [yak (9)]
 11843 | D:9      | Slain by a yak (3 damage)
 11850 | D:9      | Mangled by a yak (13 damage)
 11855 | D:9      | Reached **** piety under Dithmenos
 11861 | D:9      | HP: 3/73 [yak (11)]
 11861 | D:9      | Mangled by a yak (9 damage)
 11866 | D:9      | HP: 3/73 [yak (14)]
 11867 | D:9      | Mangled by a yak (13 damage)
 11885 | D:9      | HP: 1/73 [yak (7)]
 11889 | D:9      | Mangled by a yak (10 damage)
 11906 | D:9      | Slain by a yak (11 damage)
 11917 | D:9      | Found Pafeorph's Weapon Boutique.
 11930 | D:9      | HP: 1/73 [yak (5)]
 11932 | D:9      | Slain by a yak (2 damage)
 11945 | D:9      | HP: 3/73 [yak (9)]
 12016 | D:9      | Slain by a wyvern (13 damage)
 12257 | D:9      | Found a transporter.
 12257 | D:9      | Identified the +3 great mace of Plunder {heavy, Fly Will-
                  | Str+3}
 12257 | D:9      | Noticed a two-headed ogre
 12257 | D:9      | Noticed lunkers's ghost (novice MeSh)
 12258 | D:9      | Noticed a two-headed ogre
 12259 | D:9      | Noticed a two-headed ogre
 12259 | D:9      | Noticed a two-headed ogre
 12260 | D:9      | Found a transporter.
 12289 | D:9      | Slain by a wight
                  | ... wielding a +4 flail
                  | (11 damage)
 12321 | D:9      | Mangled by a two-headed ogre
                  | ... wielding a +0 giant club
                  | (16 damage)
 12324 | D:9      | Mangled by a two-headed ogre
                  | ... wielding a +0 giant club
                  | (21 damage)
 12325 | D:9      | Slain by a two-headed ogre
                  | ... wielding a +0 giant club
                  | (15 damage)
 12328 | D:9      | Mangled by a two-headed ogre
                  | ... wielding a +0 giant club
                  | (18 damage)
 12331 | D:9      | Mangled by a two-headed ogre
                  | ... wielding a +0 giant club
                  | (26 damage)
 12333 | D:9      | Slain by a two-headed ogre
                  | ... wielding a +0 giant club
                  | (7 damage)
 12345 | D:9      | Mangled by lunkers's ghost (15 damage)
 12350 | D:9      | Slain by a two-headed ogre
                  | ... wielding a +0 giant club
                  | (17 damage)
 12354 | D:9      | Demolished by a two-headed ogre
                  | ... wielding a +0 giant club
                  | (24 damage)
 12362 | D:9      | Mangled by a two-headed ogre
                  | ... wielding a +0 giant club
                  | (17 damage)
 12367 | D:9      | Mangled by a two-headed ogre
                  | ... wielding a +0 giant club
                  | (20 damage)
 12370 | D:9      | HP: 1/56 [lunkers's ghost (15)]
 12371 | D:9      | Demolished by a two-headed ogre
                  | ... wielding a +0 giant club
                  | (17 damage)
 12378 | D:9      | Mangled by a two-headed ogre
                  | ... wielding a +0 giant club
                  | (16 damage)
 12382 | D:9      | Mangled by lunkers's ghost (15 damage)
 12391 | D:9      | Slain by a two-headed ogre
                  | ... wielding a +0 giant club
                  | (11 damage)
 12398 | D:9      | Slain by a two-headed ogre
                  | ... wielding a +0 giant club
                  | (10 damage)
 12404 | D:9      | Slain by lunkers's ghost (7 damage)
 12410 | D:9      | Slain by a two-headed ogre
                  | ... wielding a +0 giant club
                  | (12 damage)
 12419 | D:9      | Mangled by lunkers's ghost (15 damage)
 12422 | D:9      | Demolished by a two-headed ogre
                  | ... wielding a +0 giant club
                  | (30 damage)
 12425 | D:9      | Slain by a two-headed ogre
                  | ... wielding a +0 giant club
                  | (12 damage)
 12436 | D:9      | HP: 2/56 [lunkers's ghost (8)]
 12437 | D:9      | Mangled by a two-headed ogre
                  | ... wielding a +0 giant club
                  | (11 damage)
 12441 | D:9      | Mangled by a two-headed ogre
                  | ... wielding a +0 giant club
                  | (27 damage)
 12446 | D:9      | Mangled by a two-headed ogre
                  | ... wielding a +0 giant club
                  | (17 damage)
 12453 | D:9      | Mangled by lunkers's ghost (16 damage)
 12458 | D:9      | Demolished by a two-headed ogre
                  | ... wielding a +0 giant club
                  | (21 damage)
 12466 | D:9      | Slain by lunkers's ghost (12 damage)
 12472 | D:9      | Mangled by a two-headed ogre
                  | ... wielding a +0 giant club
                  | (10 damage)
 12477 | D:9      | Mangled by a two-headed ogre
                  | ... wielding a +0 giant club
                  | (29 damage)
 12482 | D:9      | HP: 1/56 [two-headed ogre/+0 giant club (13)]
 12483 | D:9      | Slain by lunkers's ghost (3 damage)
 12490 | D:9      | Slain by lunkers's ghost (8 damage)
 12498 | D:9      | Mangled by a two-headed ogre
                  | ... wielding a +0 giant club
                  | (17 damage)
 12501 | D:9      | Slain by a two-headed ogre
                  | ... wielding a +0 giant club
                  | (11 damage)
 12506 | D:9      | HP: 1/56 [lunkers's ghost (16)]
 12510 | D:9      | Mangled by a two-headed ogre
                  | ... wielding a +0 giant club
                  | (9 damage)
 12515 | D:9      | Slain by lunkers's ghost (7 damage)
 12518 | D:9      | Slain by a two-headed ogre
                  | ... wielding a +0 giant club
                  | (20 damage)
 12523 | D:9      | Slain by a two-headed ogre
                  | ... wielding a +0 giant club
                  | (14 damage)
 12527 | D:9      | Mangled by a two-headed ogre
                  | ... wielding a +0 giant club
                  | (20 damage)
 12536 | D:9      | HP: 1/56 [two-headed ogre/+0 giant club (11)]
 12536 | D:9      | Slain by lunkers's ghost (3 damage)
 12541 | D:9      | Mangled by a two-headed ogre
                  | ... wielding a +0 giant club
                  | (16 damage)
 12546 | D:9      | Slain by a two-headed ogre
                  | ... wielding a +0 giant club
                  | (9 damage)
 12548 | D:9      | Killed lunkers's ghost
 12549 | D:9      | Reached skill level 6 in Armour
 12554 | D:9      | Mangled by a two-headed ogre
                  | ... wielding a +0 giant club
                  | (17 damage)
 12558 | D:9      | Mangled by a two-headed ogre
                  | ... wielding a +0 giant club
                  | (30 damage)
 12561 | D:9      | Mangled by a two-headed ogre
                  | ... wielding a +0 giant club
                  | (22 damage)
 12564 | D:9      | Killed a two-headed ogre
 12565 | D:9      | Reached XP level 11. HP: 24/78 MP: 16/16
 12567 | D:9      | Mangled by a two-headed ogre
                  | ... wielding a +0 giant club
                  | (12 damage)
 12573 | D:9      | Mangled by a two-headed ogre
                  | ... wielding a +0 giant club
                  | (15 damage)
 12577 | D:9      | Demolished by a two-headed ogre
                  | ... wielding a +0 giant club
                  | (25 damage)
 12580 | D:9      | Killed a two-headed ogre
 12581 | D:9      | Reached skill level 5 in Fighting
 12586 | D:9      | Mangled by a two-headed ogre
                  | ... wielding a +0 giant club
                  | (15 damage)
 12589 | D:9      | Mangled by a two-headed ogre
                  | ... wielding the +3 great mace of Plunder
                  | {heavy, Fly Will- Str+3}
                  | (40 damage)
 12591 | D:9      | HP: 3/79 [two-headed ogre/the +3 great mace of Plunder
                  | {heavy, Fly Will- Str+3} (11)]
 12593 | D:9      | Slain by a two-headed ogre
                  | ... wielding a +0 giant club
                  | (8 damage)
 12600 | D:9      | Mangled by a two-headed ogre
                  | ... wielding the +3 great mace of Plunder
                  | {heavy, Fly Will- Str+3}
                  | (35 damage)
 12601 | D:9      | Killed a two-headed ogre
 12602 | D:9      | Reached skill level 5 in Throwing
 12617 | D:9      | Demolished by a two-headed ogre
                  | ... wielding the +3 great mace of Plunder
                  | {heavy, Fly Will- Str+3}
                  | (24 damage)
 12626 | D:9      | Killed a two-headed ogre
 12627 | D:9      | Reached skill level 5 in Invocations
 12761 | Lair:1   | Entered Level 1 of the Lair of Beasts
 12775 | Lair:1   | Slain by a blink frog (16 damage)
 12785 | Lair:1   | Slain by a blink frog (10 damage)
 12794 | Lair:1   | HP: 1/79 [black bear (6)]
 12797 | Lair:1   | Demolished by a blink frog (15 damage)
 12817 | Lair:1   | Mangled by a blink frog (10 damage)
 12825 | Lair:1   | Slain by a blink frog (7 damage)
 12840 | Lair:1   | Mangled by a blink frog (15 damage)
 12865 | Lair:1   | Mangled by a blink frog (15 damage)
 12915 | Lair:1   | HP: 1/79 [blink frog (12)]
 12921 | Lair:1   | Mangled by a blink frog (10 damage)
 12946 | Lair:1   | Mangled by a blink frog (15 damage)
 12988 | Lair:1   | Slain by a blink frog (13 damage)
 13129 | Lair:1   | Slain by a black bear (9 damage)
 13136 | Lair:1   | HP: 4/80 [komodo dragon (9)]
 13139 | Lair:1   | Demolished by a komodo dragon (22 damage)
 13151 | Lair:1   | Mangled by a komodo dragon (25 damage)
 13163 | Lair:1   | Demolished by a komodo dragon (26 damage)
 13174 | Lair:1   | HP: 3/80 [komodo dragon (13)]
 13593 | Lair:1   | Slain by a blink frog (7 damage)
 13617 | Lair:1   | HP: 1/80 [blink frog (15)]
 13620 | Lair:1   | Mangled by a blink frog (12 damage)
 13644 | Lair:1   | Slain by a blink frog (16 damage)
 13667 | Lair:1   | Slain by a blink frog (8 damage)
 13757 | Lair:1   | Reached skill level 7 in Armour
 14046 | Lair:1   | HP: 3/80 [komodo dragon (17)]
 14048 | Lair:1   | Annihilated by a komodo dragon (27 damage)
 14057 | Lair:1   | Slain by a komodo dragon (9 damage)
 14069 | Lair:1   | Reached skill level 5 in Stealth
 15073 | Lair:2   | Slain by a black mamba (7 damage)
                  | ... while petrified by a basilisk
 15083 | Lair:2   | HP: 3/80 [basilisk (4)]
 15083 | Lair:2   | Slain by a black mamba (4 damage)
                  | ... while petrified by a basilisk
 15094 | Lair:2   | Slain by a black mamba (7 damage)
 15099 | Lair:2   | Reached XP level 12. HP: 42/86 MP: 18/18
 15101 | Lair:2   | HP: 4/86 [black mamba (12)]
 15102 | Lair:2   | HP: 1/86 [poisoned by a black mamba]
 15102 | Lair:2   | Demolished by a black mamba (15 damage)
 15117 | Lair:2   | Succumbed to a black mamba's poison
 15381 | Lair:2   | Reached skill level 1 in Polearms
 15427 | Lair:2   | Noticed a skyshark
 15440 | Lair:2   | Slain by a skyshark (19 damage)
 15444 | Lair:2   | HP: 4/86 [skyshark (14)]
 15444 | Lair:2   | Slain by a skyshark (8 damage)
 15448 | Lair:2   | Slain by a skyshark (8 damage)
 15456 | Lair:2   | Mangled by a skyshark (20 damage)
 15466 | Lair:2   | Slain by a komodo dragon (10 damage)
 15473 | Lair:2   | Killed a skyshark
 15474 | Lair:2   | Reached skill level 1 in Maces & Flails
 15476 | Lair:2   | HP: 2/86 [komodo dragon (8)]
 15479 | Lair:2   | Slain by a komodo dragon (8 damage)
 15492 | Lair:2   | HP: 2/86 [komodo dragon (13)]
 15493 | Lair:2   | Demolished by a komodo dragon (23 damage)
 15713 | Lair:2   | Slain by a naga
                  | ... wielding a +0 trident
                  | (22 damage)
 15716 | Lair:2   | Mangled by a naga
                  | ... wielding a +0 scimitar
                  | (18 damage)
 15720 | Lair:2   | Slain by a naga
                  | ... wielding a +0 scimitar
                  | (14 damage)
 15726 | Lair:2   | HP: 4/86 [poisoned by a naga (splash of poison)]
 15726 | Lair:2   | Killed from afar by a naga (5 damage)
                  | ... with a splash of poison
 15735 | Lair:2   | Slain by a naga
                  | ... wielding a +0 scimitar
                  | (23 damage)
 15743 | Lair:2   | Slain by a naga
                  | ... wielding a +0 mace
                  | (12 damage)
 15751 | Lair:2   | HP: 4/86 [poisoned by a naga (splash of poison)]
 15752 | Lair:2   | Mangled by a naga
                  | ... wielding a +0 mace
                  | (8 damage)
 15762 | Lair:2   | HP: 4/86 [poisoned by a naga (splash of poison)]
 15762 | Lair:2   | Constricted to death by a naga (4 damage)
 15775 | Lair:2   | HP: 2/86 [naga/splash of poison (5)]
 15775 | Lair:2   | Constricted to death by a naga (4 damage)
 15892 | Lair:2   | Found a staircase to the Snake Pit.
 15933 | Lair:2   | HP: 2/86 [wolf (5)]
 15937 | Lair:2   | Slain by a wolf (4 damage)
 16286 | Lair:2   | Killed from afar by a rime drake (17 damage)
                  | ... with an icy flash freeze
 16326 | Lair:2   | HP: 4/86 [poisoned by a black mamba]
 16326 | Lair:2   | Slain by a black mamba (4 damage)
 16333 | Lair:2   | HP: 3/86 [black mamba (7)]
 16334 | Lair:2   | Succumbed to a black mamba's poison
 16809 | Lair:2   | Found a runed translucent door.
 16812 | Lair:2   | Noticed PailKail's ghost (journeyman MiBe)
 16983 | Lair:2   | Slain by a salamander (12 damage)
 16986 | Lair:2   | Reached skill level 5 in Long Blades
 17170 | Lair:2   | HP: 2/86 [PailKail's ghost (20)]
 17170 | Lair:2   | Demolished by PailKail's ghost (20 damage)
 17176 | Lair:2   | Demolished by PailKail's ghost (21 damage)
 17189 | Lair:2   | Annihilated by a komodo dragon (28 damage)
 17201 | Lair:2   | Mangled by PailKail's ghost (17 damage)
 17202 | Abyss:3  | Cast into level 3 of the Abyss (PailKail's ghost)
 17239 | Lair:2   | Escaped the Abyss
 17243 | Lair:2   | Mangled by a komodo dragon (24 damage)
 17249 | Lair:2   | Demolished by a komodo dragon (27 damage)
 17258 | Abyss:3  | Found a corrupted altar of Lugonu.
 17258 | Abyss:3  | Cast into level 3 of the Abyss (PailKail's ghost)
 17294 | Abyss:3  | Noticed an ancient lich
 17306 | Abyss:3  | HP: 3/84 [ancient lich (6)]
 17307 | Abyss:3  | Killed from afar by an ancient lich (64 damage)
                  | ... with a bolt of acid
 17309 | Abyss:3  | Killed from afar by an ancient lich (87 damage)
                  | ... with a crystal spear
 17315 | Abyss:3  | Killed from afar by an ancient lich (108 damage)
                  | ... with a crystal spear
 17318 | Abyss:3  | Mangled by a guardian serpent (21 damage)
 17320 | Abyss:3  | HP: 2/74 [salamander/+0 spear (4)]
 17320 | Abyss:3  | Slain by a salamander
                  | ... wielding a +0 spear
                  | (6 damage)
 17321 | Abyss:3  | Slain by a salamander
                  | ... wielding a +4 halberd
                  | (6 damage)
 17323 | Abyss:3  | Killed from afar by an ancient lich (23 damage)
                  | ... with a bolt of acid
                  | ... while petrified by an ancient lich
 17325 | Abyss:3  | HP: 2/72 [salamander/+0 spear (5)]
 17325 | Abyss:3  | Slain by a salamander
                  | ... wielding a +4 halberd
                  | (4 damage)
                  | ... while petrified by an ancient lich
 17328 | Abyss:3  | Slain by a salamander
                  | ... wielding a +0 spear
                  | (5 damage)
                  | ... while petrified by an ancient lich
 17330 | Abyss:3  | HP: 2/72 [something (7)]
 17330 | Abyss:3  | Slain by a salamander
                  | ... wielding a +0 spear
                  | (5 damage)
                  | ... while petrified by an ancient lich
 17331 | Abyss:3  | Killed from afar by an ancient lich (91 damage)
                  | ... with a crystal spear
 17331 | Abyss:3  | Demolished by an ancient lich (17 damage)
 17332 | Abyss:3  | Killed from afar by an ancient lich (82 damage)
                  | ... with a crystal spear
 17333 | Abyss:3  | Slain by a salamander
                  | ... wielding a +0 spear
                  | (11 damage)
 17333 | Abyss:3  | Demolished by an ancient lich (19 damage)
 17334 | Abyss:3  | Demolished by a salamander
                  | ... wielding a +4 halberd
                  | (22 damage)
 17335 | Abyss:3  | Succumbed to a naga mage's splash of poison
 17335 | Abyss:3  | HP: 3/61 [guardian serpent (11)]
 17335 | Abyss:3  | Demolished by a salamander
                  | ... wielding a +4 halberd
                  | (17 damage)
 17335 | Abyss:3  | Slain by a salamander
                  | ... wielding a +0 spear
                  | (12 damage)
 17336 | Abyss:3  | Killed from afar by an ancient lich (72 damage)
                  | ... with a crystal spear
 17336 | Abyss:3  | Mangled by a salamander
                  | ... wielding a +0 spear
                  | (12 damage)
 17336 | Abyss:3  | Killed from afar by an ancient lich (82 damage)
                  | ... with a crystal spear
 17337 | Abyss:3  | HP: 1/61 [constriction (3)]
 17337 | Abyss:3  | Slain by an ancient lich (1 damage)
 17337 | Abyss:3  | Mangled by a salamander
                  | ... wielding a +0 spear
                  | (14 damage)
 17338 | Abyss:3  | Succumbed to a naga mage's bolt of poison
 17338 | Abyss:3  | Slain by a salamander
                  | ... wielding a +4 halberd
                  | (12 damage)
 17338 | Abyss:3  | Killed from afar by a naga mage (32 damage)
                  | ... with a bolt of poison
 17339 | Abyss:3  | Mangled by a salamander
                  | ... wielding a +4 halberd
                  | (15 damage)
 17340 | Abyss:3  | Slain by an ancient lich (3 damage)
 17340 | Abyss:3  | Slain by a naga mage
                  | ... wielding a +0 whip
                  | (13 damage)
 17341 | Abyss:3  | Succumbed to a naga mage's splash of poison
 17341 | Abyss:3  | Slain by a salamander
                  | ... wielding a +0 spear
                  | (12 damage)
 17342 | Abyss:3  | Succumbed to a guardian serpent's bolt of poison
 17342 | Abyss:3  | Slain by a salamander
                  | ... wielding a +0 spear
                  | (13 damage)
 17342 | Abyss:3  | Slain by an ancient lich (5 damage)
 17343 | Abyss:3  | Slain by a salamander

Illustrated notes

Levels and vault maps discovered:
D:1:      enne_arrival_octagon_isle, layout_basic
D:2:      layout_loops_ring, basic_altar, chequers_ecumenical_altar_simple
D:3:      layout_basic, nemelex_spade_bored_becter, minmay_misc_feat_rugged
D:4:      layout_basic, mainiacjoe_overflow_paths,
          minmay_temple_entry_enclosed_plants, serial_bayou,
          serial_bayou_crossing, serial_bayou_pond_b, serial_bayou_pond_a,
          serial_bayou_lagoon_a, uniq_sigmund, uniq_eustachio, uniq_ijyb,
          uniq_natasha
D:5:      layout_loops_ring, nicolae_figureground_sparkle
D:6:      layout_rooms, nicolae_wu_jian_immortal_techniques,
          gup_sewer_entry_glass, serial_curves, eino_curves_03, eino_curves_03,
          uniq_crazy_yiuf_cottage
D:7:      layout_basic, mainiacjoe_overflow_24_doors, uniq_joseph
D:8:      layout_loops_ring
D:9:      layout_rooms, lair_entry_dummy, serial_shops,
          nicolae_shop_window_shopping, gammafunk_ghost_smash
Temple:   dpeg_five_rooms_temple
Lair:1:   layout_regular_city, serial_bayou_pond_c, beast_lair_carwin_6
Lair:2:   layout_regular_city, alex1729_snake_entry_snake,
          ebering_ghost_inner_flame, grunt_megastairs_3
Abyss:3:  base: D:9, evilmike_abyss_exit_4, base: D:3, minivault_25,
          bh_abyss_exit_grid, base:
D:3

Skill      XL: |  1  2  3  4  5  6  7  8  9 10 11 12 |
---------------+-------------------------------------+-----
Armour         | 1 2 3 4 6 7 |  7.5
Short Blades   | 4 5 6 |  6.7
Dodging        | 4 5 6 |  6.2
Stealth        | 1 2 3 4 5 |  5.3
Invocations    | 1 2 3 4 5 |  5.6
Fighting       | 3 4 5 |  5.5
Long Blades    | 1 2 3 4 5 |  5.0
Unarmed Combat | 1 2 3 4 |  4.8
Spellcasting   | 1 2 3 4 |  4.3
Throwing       | 3 4 5 |  5.6
Evocations     | 1 2 3 4 |  4.4
Shapeshifting  | 2 3 |  3.2
Staves         | 2 3 |  3.7
Polearms       | 1 |  1.5
Maces & Flails | 1 |  1.5
Axes           | |  0.7

Action                     |  1- 3 |  4- 6 |  7- 9 | 10-12 || total
---------------------------+-------+-------+-------+-------++-------
  Melee: Rapier            |   145 |   545 |   686 |  1482 ||  2858
         Punch             |       |     9 |    16 |    60 ||    85
         Quarterstaff      |       |       |       |    84 ||    84
    Use: Scroll            |     1 |       |     3 |       ||     4
   Stab: Sleeping          |       |     2 |     7 |     4 ||    13
         Paralysed         |       |       |       |     2 ||     2
 Armour: Leather armour    |    83 |   549 |   355 |       ||   987
         Ring mail         |       |       |   171 |  1953 ||  2124
         Skin              |       |       |    40 |       ||    40
  Dodge: Dodged            |   129 |   829 |   753 |  1625 ||  3336
         Form:             |       |       |     1 |       ||     1
         Statue            |       |       |     1 |       ||     1

Table legend: (Time is in decaauts)
 A = Elapsed time spent in this place.
 B = Non-inter-level travel time spent in this place.
 C = Inter-level travel time spent in this place.
 D = Time resting spent in this place.
 E = Time spent auto-exploring this place.
 F = Levels seen in this place.
 G = Mean time per level.
                   A        B        C        D        E       F      G
               +--------+--------+--------+--------+--------+-----+--------+
         Total |  17534 |  16836 |    698 |      0 |  10465 |  14 | 1252.4 |
       Dungeon |  12682 |  12225 |    457 |      0 |   7808 |   9 | 1409.1 |
        Temple |    362 |    154 |    208 |      0 |      0 |   1 |  362.0 |
          Lair |   4356 |   4323 |     33 |      0 |   2657 |   2 | 2178.0 |
         Abyss |    132 |    132 |      0 |      0 |      0 |   2 |   66.0 |
               +--------+--------+--------+--------+--------+-----+--------+

Top non-repeatable levels by time:
  Lair:2: 2214 daAuts
     D:4: 2145 daAuts
  Lair:1: 2142 daAuts
     D:9: 1426 daAuts
     D:7: 1412 daAuts
     D:5: 1392 daAuts
     D:6: 1352 daAuts
     D:3: 1351 daAuts
     D:8: 1313 daAuts
     D:1: 1298 daAuts
     D:2: 988 daAuts
  Temple: 362 daAuts
 Abyss:3: 132 daAuts
